 Dungeon Crawl Stone Soup version 0.31-a0-177-g4aa6249778 (webtiles) character file.

Game seed: 3875513079985891210

462 qw the Chopper (level 7, -1/43 HPs)
             Began as a Gargoyle Fighter on June 18, 2023.
             Slain by a wight
             ... wielding a +0 dagger
              (8 damage)
             ... on level 4 of the Dungeon.
             The game lasted 00:01:43 (2759 turns).

qw the Chopper (Gargoyle Fighter)                   Turns: 2759, Time: 00:01:44

Health: -1/43      AC: 15    Str: 21    XL:     7   Next: 7%
Magic:  7/7        EV:  9    Int:  9    God:
Gold:   172        SH:  4    Dex:  9    Spells: 6/6 levels left

rFire   . . .        Y - +0 war axe
rCold   . . .        c - +0 buckler
rNeg    + . .        b - +0 scale mail
rPois   inf          (no helmet)
rElec   +            k - +0 cloak
rCorr   .            g - +0 pair of gloves
SInv    .            i - +0 pair of boots
Will    .....        (no amulet) Stlth
                     (no ring)
HPRegen 0.27/turn    (no ring)
MPRegen 0.10/turn

%: no passive effects
@: no status effects
A: sickness immunity, AC +4, negative energy resistance 1, electricity
resistance, torment resistance 1, petrification resistance
a: no special abilities


You were on level 4 of the Dungeon.
You visited 1 branch of the dungeon, and saw 4 of its levels.

You collected 172 gold pieces.


Innate Abilities, Weirdness & Mutations

You are immune to sickness and miasma.
Your stone body is resilient. (AC +4)
You are immune to poison.
You resist negative energy. (rN+)
You are resistant to electric shocks. (rElec)
You are resistant to unholy torment.
You are immune to petrification.


   Skills:
 - Level 4.2 Fighting
 + Level 6.1 Axes
 - Level 3.2 Armour
 - Level 1.0 Dodging
 - Level 3.2 Shields


You had 6 spell levels left.
You didn't know any spells.
Your spell library was empty.

Inventory:

Hand Weapons
 f - a +0 flail
 Y - a +0 war axe (weapon)
Armour
 b - a +0 scale mail (worn)
 c - a +0 buckler (worn)
 g - a +0 pair of gloves (worn)
 i - a +0 pair of boots (worn)
 k - a +0 cloak (worn)
Scrolls
 h - a scroll of identify
 j - a scroll of poison {unknown}
Potions
 a - a potion of heal wounds
 d - a potion of might
 e - 2 potions of curing
 l - a potion of enlightenment
 p - 2 potions of haste

Dungeon Overview and Level Annotations

Branches:
Dungeon (4/15)
 Temple: D:4-7

Altars:


Message History

You barely miss the wight.
The wight is moderately damaged.
The wight hits you but does no damage.
You closely miss the wight.
The wight is moderately damaged.
You hit the wight.
The wight hits you with a +0 short sword.
The wight barely misses you. The wight hits you with a +2 flail.
The wight closely misses you.
You slash the wight!
You destroy the wight!
You closely miss the wight. The wight hits you with a +2 flail.
You slash the wight!
The wight is heavily damaged.
The wight hits you with a +2 flail.
You closely miss the wight.
The wight is heavily damaged.
The wight hits you but does no damage. The wight hits you with a +2 flail.
You hit the wight but do no damage.
The wight is heavily damaged.
The wight hits you from afar with a +2 halberd.
You block the wight's attack.
The wight hits you from afar with a +2 halberd.
The wight hits you but does no damage.
You hit the wight.
The wight is almost destroyed.
The wight completely misses you. The wight barely misses you.
You slash the wight!
You destroy the wight!
You block the wight's attack.
Your Axes skill increases to level 6!
You have reached level 7!
You hit the wight.
The wight is moderately damaged.
You block the wight's attack. The wight hits you with a +0 dagger.
You closely miss the wight.
The wight is moderately damaged.
The wight hits you from afar with a +2 halberd!
The wight hits you with a +0 dagger!
You die...

#.. #.# ....# # ##.#
....# ### ###..##
....#
..#######.)...## ...#
#....#....#....##...#
#......#####....#...#
#...?....#####.....#
..........# ##.@).#
............# ##.zz$#
...%........#
###......
............# ......
.<.........## .....
..........## .....
.......#### ##..
<...#### ## #####


You could see 2 wights.

Vanquished Creatures
  An ogre (D:4)
  2 wights (D:4)
  Jessica (D:3)
  Ijyb (D:3)
  Natasha (thrice) (D:3)
  An iguana (D:4)
  4 adders
  A gnoll (D:1)
  A worm (D:4)
  2 dart slugs (D:2)
  9 orcs (D:3)
  9 ball pythons
  5 endoplasms
  A giant cockroach (D:1)
  7 goblins
  8 hobgoblins
  11 bats
  2 frilled lizards
  2 kobolds
  A rat (D:1)
72 creatures vanquished.

Notes
Turn   | Place    | Note
-------+----------+-------------------------------------------
     0 | D:1      | qw the Gargoyle Fighter began the quest for the Orb.
     0 | D:1      | Reached XP level 1. HP: 14/14 MP: 1/1
     0 | D:1      | 0 ||| qw: Version: 0.3-a-5-g6f28e65
     0 | D:1      | 0 ||| qw: Game counter: 543
     0 | D:1      | 0 ||| qw: Always use a shield: true
     0 | D:1      | 0 ||| qw: God list: Okawaru
     0 | D:1      | 0 ||| qw: Allow faded altars: false
     0 | D:1      | 0 ||| qw: Do Orc after D:15 true
     0 | D:1      | 0 ||| qw: Do second Lair branch before Depths: true
     0 | D:1      | 0 ||| qw: Lair rune preference: random
     0 | D:1      | 0 ||| qw: Plans: Normal, Zot:1-4, Slime:5, God:TSO, Crypt,
                  | Tomb, Abyss, Pan, Hells, Win
     0 | D:1      | 0 ||| PLANNING D:1-11
    42 | D:1      | 42 ||| Stepping ~*~*~tactically~*~*~ (stealth).
    51 | D:1      | Reached skill level 2 in Axes
   110 | D:1      | Reached XP level 2. HP: 16/19 MP: 2/2
   113 | D:1      | 113 ||| FLEEEEING.
   114 | D:1      | 114 ||| FLEEEEING.
   115 | D:1      | 115 ||| FLEEEEING.
   240 | D:1      | 240 ||| Stepping ~*~*~tactically~*~*~ (stealth).
   241 | D:1      | 241 ||| Stepping ~*~*~tactically~*~*~ (stealth).
   401 | D:1      | Reached skill level 3 in Axes
   740 | D:1      | Reached XP level 3. HP: 23/23 MP: 3/3
   767 | D:1      | 767 ||| UPGRADING to +0 pair of gloves.
   772 | D:1      | 772 ||| READING scroll labelled ROFUKOSAYDD.
  1225 | D:2      | 1225 ||| Stepping ~*~*~tactically~*~*~ (hiding).
  1228 | D:2      | 1228 ||| Stepping ~*~*~tactically~*~*~ (hiding).
  1467 | D:2      | 1467 ||| DROPPING orb of mayhem.
  1468 | D:2      | 1468 ||| UPGRADING to +0 cloak.
  1473 | D:2      | 1473 ||| READING 4 scrolls labelled NALUOXZ FEJAIN.
  1474 | D:2      | 1474 ||| READING scroll labelled KIMOIT CUPOST.
  1475 | D:2      | 1475 ||| READING 3 scrolls of identify.
  1475 | D:2      | 1475 ||| IDENTIFYING fizzy silvery potion
  1476 | D:2      | 1476 ||| READING 2 scrolls of identify.
  1476 | D:2      | 1476 ||| IDENTIFYING smoky cyan potion
  1477 | D:2      | 1477 ||| DROPPING potion of berserk rage.
  1577 | D:3      | Reached XP level 4. HP: 28/28 MP: 4/4
  1606 | D:3      | 1606 ||| DROPPING +0 club.
  1653 | D:3      | Reached skill level 4 in Axes
  1692 | D:3      | 1692 ||| Stepping ~*~*~tactically~*~*~ (stealth).
  1704 | D:3      | Noticed Ijyb
  1705 | D:3      | 1705 ||| Stepping ~*~*~tactically~*~*~ (hiding).
  1706 | D:3      | 1706 ||| Stepping ~*~*~tactically~*~*~ (hiding).
  1709 | D:3      | 1709 ||| Stepping ~*~*~tactically~*~*~ (hiding).
  1712 | D:3      | Paralysed by Ijyb for 2 turns
  1729 | D:3      | Killed Ijyb
  1730 | D:3      | Reached XP level 5. HP: 13/32 MP: 5/5
  1810 | D:3      | 1810 ||| Stepping ~*~*~tactically~*~*~ (stealth).
  1815 | D:3      | 1815 ||| Stepping ~*~*~tactically~*~*~ (hiding).
  1816 | D:3      | 1816 ||| Stepping ~*~*~tactically~*~*~ (hiding).
  1873 | D:3      | Noticed Natasha
  1880 | D:3      | Killed Natasha
  2067 | D:3      | Noticed Jessica
  2075 | D:3      | Killed Jessica
  2076 | D:3      | Reached skill level 5 in Axes
  2159 | D:3      | Noticed Natasha
  2160 | D:3      | 2160 ||| Stepping ~*~*~tactically~*~*~ (hiding).
  2175 | D:3      | HP: 8/32 [cerulean imp/+1 spear[Natasha] (2)]
  2178 | D:3      | Killed Natasha
  2389 | D:3      | Noticed Natasha
  2401 | D:3      | Killed Natasha
  2402 | D:3      | Reached XP level 6. HP: 28/38 MP: 6/6
  2408 | D:3      | 2408 ||| FLEEEEING.
  2409 | D:3      | 2409 ||| FLEEEEING.
  2410 | D:3      | 2410 ||| FLEEEEING.
  2411 | D:3      | 2411 ||| FLEEEEING.
  2413 | D:3      | 2413 ||| FLEEEEING.
  2415 | D:3      | 2415 ||| FLEEEEING.
  2416 | D:3      | 2416 ||| FLEEEEING.
  2417 | D:3      | 2417 ||| FLEEEEING.
  2426 | D:3      | 2426 ||| STAIRDANCE
  2438 | D:2      | 2438 ||| UPGRADING to +0 pair of boots.
  2443 | D:2      | 2443 ||| READING scroll labelled VAKAZIS QA OBI.
  2444 | D:2      | 2444 ||| READING scroll labelled YMNUSA GUGEUV.
  2445 | D:2      | 2445 ||| READING scroll labelled MUIFAF PECI.
  2446 | D:2      | 2446 ||| READING 5 scrolls of identify.
  2446 | D:2      | 2446 ||| IDENTIFYING inky potion
  2447 | D:2      | 2447 ||| READING 4 scrolls of identify.
  2447 | D:2      | 2447 ||| IDENTIFYING sedimented emerald potion
  2448 | D:2      | 2448 ||| READING 3 scrolls of identify.
  2448 | D:2      | 2448 ||| IDENTIFYING bubbling yellow potion
  2449 | D:2      | 2449 ||| READING 2 scrolls of identify.
  2449 | D:2      | 2449 ||| IDENTIFYING bubbling clear potion
  2450 | D:2      | 2450 ||| DROPPING potion of degeneration.
  2451 | D:2      | 2451 ||| DROPPING potion of ambrosia.
  2474 | D:3      | 2474 ||| Stepping ~*~*~tactically~*~*~ (stealth).
  2480 | D:3      | 2480 ||| Stepping ~*~*~tactically~*~*~ (stealth).
  2491 | D:3      | 2491 ||| DROPPING +0 whip.
  2714 | D:4      | Reached skill level 1 in Dodging
  2726 | D:4      | HP: 8/38 [ogre/+0 giant club (16)]
  2727 | D:4      | 2727 ||| DRINKING 2 potions of heal wounds.
  2758 | D:4      | Reached skill level 6 in Axes
  2758 | D:4      | Reached XP level 7. HP: 18/43 MP: 7/7
  2759 | D:4      | HP: 7/43 [wight/+2 halberd (8)]
  2759 | D:4      | Slain by a wight

Levels and vault maps discovered:
D:1:      saegor_arrival_under_anarchy, layout_basic, minmay_misc_feat_five
D:2:      layout_loops_ring
D:3:      layout_loops_ring, minmay_splitting_lines, uniq_natasha, uniq_ijyb,
          uniq_jessica
D:4:      layout_cave_pods, kennysheep_mini_moat, grunt_decor_fettered,
          uniq_crazy_yiuf_cottage

Skill      XL: |  1  2  3  4  5  6 |
---------------+-------------------+-----
Axes           | 2 3 4 5 6 |  6.1
Fighting       | 4 |  4.2
Dodging        | 1 |  1.0
Armour         | |  3.2
Shields        | |  3.2

Action                     |  1- 3 |  4- 6 |  7- 9 || total
---------------------------+-------+-------+-------++-------
  Melee: War axe           |    97 |   159 |     2 ||   258
    Use: Scroll            |     5 |     7 |       ||    12
         Potion            |       |     1 |       ||     1
 Armour: Scale mail        |    51 |   109 |       ||   160
  Dodge: Dodged            |    39 |    81 |       ||   120
  Block: Buckler           |    20 |    38 |     1 ||    59

Table legend:
 A = Non-vault XP
 B = Vault XP
 C = Vault XP percentage of total XP
 D = Non-vault monster count
 E = Vault monster count
 F = Vault count percentage of total count
                 A         B        C        D         E       F
            +---------+---------+-------+---------+---------+-------
      Total |     551 |     109 |  16.5 |      69 |       3 |   4.2
            +---------+---------+-------+---------+---------+-------
        D:1 |      37 |       0 |   0.0 |      16 |       0 |   0.0
        D:2 |      44 |       0 |   0.0 |      17 |       0 |   0.0
        D:3 |     166 |     109 |  39.6 |      31 |       3 |   8.8
        D:4 |     304 |       0 |   0.0 |       5 |       0 |   0.0
            +---------+---------+-------+---------+---------+-------
